 Dungeon Crawl Stone Soup version 0.29-a0-483-g69413ace17 (webtiles) character file.

Game seed: 3044983838547771470

158 porpoise the Shooter (level 5, -3/42 HPs)
             Began as a Barachi Arcane Marksman on May 26, 2022.
             Slain by Menkaure (17 damage)
             ... on level 4 of the Dungeon.
             The game lasted 00:09:49 (2768 turns).

porpoise the Shooter (Barachi Arcane Marksman)      Turns: 2768, Time: 00:09:50

Health: -3/42      AC:  6    Str: 12    XL:     5   Next: 39%
Magic:  6/6        EV: 12    Int: 13    God:
Gold:   98         SH:  0    Dex: 14    Spells: 5/6 levels left

rFire   . . .      SeeInvis .   a - +0 shortbow
rCold   . . .      Faith    .   (shield currently unavailable)
rNeg    . . .      Spirit   .   f - +2 leather armour {Will+}
rPois   .          Reflect  .   (no helmet)
rElec   .          Harm     .   p - +0 cloak
rCorr   .          Rampage  .   (no gloves)
Will    +....                   (no boots)
Stlth   +.........              (no amulet)
HPRegen 0.14/turn               (no ring)
MPRegen 0.10/turn               (no ring)

@: slow
A: amphibious, slowness 1, strong legs 1, +LOS
a: Hop


You were on level 4 of the Dungeon.
You visited 1 branch of the dungeon, and saw 4 of its levels.

You collected 142 gold pieces.
You spent 44 gold pieces at shops.

Inventory:

Hand Weapons
 a - a +0 shortbow (weapon)
 i - a +1 dagger of holy wrath
 w - a +2 vorpal mace
Missiles
 j - 8 boomerangs
 s - 3 poisoned darts
Armour
 f - a +2 leather armour of willpower (worn)
 p - a +0 cloak (worn)
Scrolls
 c - a scroll of vulnerability
 d - 2 scrolls of blinking {unknown}
 g - 5 scrolls of identify {unknown}
 h - a scroll of torment {unknown}
 m - 3 scrolls of teleportation {unknown}
 n - 2 scrolls of silence {unknown}
 o - a scroll of poison {unknown}
 r - a scroll of amnesia {unknown}
 u - a scroll of immolation {unknown}
Potions
 b - a potion of berserk rage
 e - a potion of flight {unknown}
 k - 2 potions of haste {unknown}
 l - 2 potions of lignification {unknown}
 q - a potion of ambrosia {unknown}
 t - a potion of might
 v - a potion of heal wounds {unknown}


   Skills:
 + Level 3.9 Fighting
 * Level 4.2 Bows
 - Level 2.2 Dodging
 - Level 1.2 Spellcasting
 - Level 3.3 Hexes


You had 5 spell levels left.
You knew the following spells:

 Your Spells              Type           Power      Damage    Failure   Level
a - Slow                  Hex            36%        N/A       9%          1

Your spell library contained the following spells:

 Spells                   Type           Power      Damage    Failure   Level
 Poisonous Vapours        Pois/Air       0%         N/A       47%         2
 Inner Flame              Hex/Fire       5%         N/A       47%         3
 Portal Projectile        Hex/Tloc       10%        N/A       47%         3
 Cause Fear               Hex            4%         N/A       65%         4
 Gell's Gravitas          Tloc           0%         N/A       71%         3
 Lesser Beckoning         Tloc           0%         N/A       71%         3
 Teleport Other           Tloc           0%         N/A       71%         3
 Corpse Rot               Necr/Pois/Air  0%         N/A       98%         4


Dungeon Overview and Level Annotations

Branches:
Dungeon (4/15)
 Temple: D:4-7

Altars:

Shops:
D:1 [   D:3 *

Annotations:
D:4 Menkaure


Innate Abilities, Weirdness & Mutations

You are amphibious.
You cover ground slowly.
You can hop short distances.
You have an extended range of vision and can be seen from far away.


Message History

You aren't carrying any items that you can evoke.
Unknown command.
You shoot an arrow.
The arrow hits Menkaure but does no damage.
You shoot an arrow.
The arrow hits Menkaure but does no damage.
You shoot an arrow.
The arrow hits Menkaure but does no damage.
You shoot an arrow. The arrow hits Menkaure.
Menkaure is lightly damaged.
You shoot an arrow.
The arrow hits Menkaure but does no damage.
Menkaure is lightly damaged.
A hobgoblin comes into view.
You shoot an arrow. The arrow barely misses Menkaure.
The arrow closely misses the hobgoblin.
The hobgoblin shouts!
Menkaure points at you and mumbles some strange words.
You resist with some effort.
You shoot an arrow. The arrow hits Menkaure!
Menkaure is heavily damaged.
Menkaure casts a spell.
Menkaure seems to speed up.
You shoot an arrow. The arrow hits Menkaure.
Menkaure is heavily damaged.
Menkaure hits you!
You shoot an arrow. The arrow hits Menkaure.
Menkaure is heavily damaged.
Menkaure calls on the powers of darkness!
Your body is wracked with pain!
The hobgoblin convulses!
You are too injured to fight recklessly!
Unknown command.
Shoot: a) +0 shortbow
Press: ? - help, Q - select action, (/) - cycle Shift-Dir - straight line, f/p - Menkaure
Aim: Menkaure (heavily damaged, fast, 76% to hit)
You shoot an arrow.
The arrow hits Menkaure but does no damage.
Menkaure is heavily damaged.
Menkaure barely misses you. Menkaure hits you!
You die...

...#...........
##.....?.........
#.#...............
#.................
#.................
................ ..
...g.........#
###...........#.M........#
.....<....... +@........#
............ ##.......#
#.........## ##.....##
#..........## ##.†....#
#...........###......##
#............#..........#
#............†...........
##.....<............#####..
#..................## .


You could see Menkaure (fast) and a hobgoblin.

Vanquished Creatures
  8 adders
  4 worms
  2 dart slugs (D:1)
  4 orcs (D:3)
  2 endoplasms (D:3)
  2 goblins
  3 hobgoblins
  4 jackals (D:1)
  7 kobolds
  5 quokkas
  14 ball pythons
  6 bats
  2 frilled lizards
  5 rats
68 creatures vanquished.

Vanquished Creatures (others)
  A plant (D:3)
1 creature vanquished.

Grand Total: 69 creatures vanquished

Notes
Turn   | Place    | Note
-------+----------+-------------------------------------------
     0 | D:1      | porpoise the Barachi Arcane Marksman began the quest for
                  | the Orb.
     0 | D:1      | Reached XP level 1. HP: 15/15 MP: 2/2
   275 | D:1      | Reached XP level 2. HP: 22/22 MP: 3/3
   403 | D:1      | Found Addowk's Armour Shoppe.
   570 | D:1      | Reached XP level 3. HP: 28/28 MP: 4/4
  1075 | D:2      | Reached skill level 3 in Bows
  1322 | D:3      | Reached XP level 4. HP: 33/35 MP: 5/5
  1838 | D:3      | Found Yleduune's Assorted Antiques.
  1844 | D:3      | Bought a scroll labelled HOJIDIF XATHRO for 22 gold pieces
  1844 | D:3      | Bought a scroll labelled FUUNOS VAIRGH for 22 gold pieces
  2228 | D:3      | Reached XP level 5. HP: 31/41 MP: 6/6
  2447 | D:3      | Found a faded altar of an unknown god.
  2550 | D:3      | Reached skill level 4 in Bows
  2758 | D:4      | Noticed Menkaure
  2768 | D:4      | Slain by Menkaure

Illustrated notes

Levels and vault maps discovered:
D:1:      dpeg_arrival_brainrot, layout_basic, serial_shops, shop
D:2:      layout_rooms
D:3:      layout_basic, serial_shops, nicolae_shop_hallway_plus,
          shapermc_ecumenical_altar_acropolis, minmay_snake_closets
D:4:      layout_layer_cave, minmay_temple_entry_arrows, enter_ossuary_5,
          minmay_crystal_room, uniq_menkaure

Skill      XL: |  1  2  3  4  5 |
---------------+----------------+-----
Fighting       | 2 3 |  3.9
Bows           | 3 4 |  4.2
Dodging        | |  2.2
Spellcasting   | |  1.2
Hexes          | |  3.3

Action                   |  1- 3 |  4- 6 || total
-------------------------+-------+-------++-------
Melee: Dagger            |       |     4 ||     4
 Fire: Shortbow          |   130 |   127 ||   257
  Use: Potion            |       |     1 ||     1
Armor: Leather armour    |    18 |    26 ||    44
Dodge: Dodged            |    40 |    55 ||    95

Table legend: (Time is in decaauts)
 A = Elapsed time spent in this place.
 B = Non-inter-level travel time spent in this place.
 C = Inter-level travel time spent in this place.
 D = Time resting spent in this place.
 E = Time spent auto-exploring this place.
 F = Levels seen in this place.
 G = Mean time per level.
                   A        B        C        D        E       F      G
               +--------+--------+--------+--------+--------+-----+--------+
         Total |   3165 |   3119 |     46 |    798 |   1745 |   4 |  791.2 |
       Dungeon |   3165 |   3119 |     46 |    798 |   1745 |   4 |  791.2 |
               +--------+--------+--------+--------+--------+-----+--------+

Top non-repeatable levels by time:
     D:3: 1584 daAuts
     D:1: 1087 daAuts
     D:2: 453 daAuts
     D:4: 39 daAuts
